 Dungeon Sprint DCSS version 0.30-a0-390-g80c34de65d (webtiles) character file.

Game seed: 17687427940299069762

12584 mhtbhm the Peltast (level 11, -1/166 HPs)
             Began as an Armataur Fighter on Dec 4, 2022.
             Was the Champion of Trog.
             Splashed by an acid blob's acid (2 damage)
             ... in the Dungeon (Sprint V: "Ziggurat Sprint").
             The game lasted 00:06:10 (745 turns).

mhtbhm the Peltast (Armataur Fighter)                Turns: 745, Time: 00:06:11

Health: -1/166     AC: 12    Str: 42    XL:     11   Next: 64%
Magic:  11/11      EV:  0    Int:  8    God:    Trog [******]
Gold:   0          SH: 31    Dex:  9    Spells: 10/10 levels left

rFire   + . .      SeeInvis +    a - +14 obsidian axe {vorpal, Mesm Drain Fly SInv}
rCold   + . .      Faith    +    c - +18 shield of the Gong {rElec rN+ Will+ EV-5}
rNeg    + . .      Spirit   .    b - +5 gold dragon scales
rPois   +          Reflect  .    (no helmet)
rElec   +          Harm     .    (no cloak)
rCorr   .          Roll     +    E - +2 pair of gloves {Str+3}
Will    +....      NoTele   +    (no barding)
Stlth   ..........               F - amulet "Piellios" {Faith rPois SInv}
HPRegen 0.47/turn                x - +6 ring of strength
MPRegen 0.12/turn                y - +6 ring of strength

@: berserking, corroded, flying, mesmerised, studying 2 skills, very quick
A: large, rugged brown scales 3, deformed body, armoured tail, roll, long
tongue, awkward tongue
a: Renounce Religion, Berserk, Trog's Hand, Brothers in Arms


You were in the Dungeon.
You worshipped Trog.
Trog was exalted by your worship.
You visited 1 branch

Inventory:

Hand Weapons
 a - the +14 obsidian axe (weapon) {vorpal, Mesm Drain Fly SInv}
   (You found it in the Dungeon)

   It inflicts extra damage upon your enemies.
   It occasionally summons demons to assist the wielder when it strikes in
   combat.
   Its wielder is mesmerised by any visible foes.
   It cannot be unequipped while any foes are visible.
   SInv:      It lets you see invisible.
   Fly:       It grants you flight.
   Drain:     It drains your maximum health when unequipped.
 t - a +4 broad axe of holy wrath
 C - the +10 morningstar "Eos" {elec, Halo rElec}
   (You found it in the Dungeon)

   It occasionally discharges a powerful burst of electricity upon striking a
   foe.
   It grants its wielder a halo, revealing invisible creatures and increasing
   accuracy against all within it other than the wielder.
   rElec:     It insulates you from electricity.
Armour
 b - +5 gold dragon scales (worn)
 c - the +18 shield of the Gong (worn) {rElec rN+ Will+ EV-5}
   (You found it in the Dungeon)

   It is deafeningly noisy when blocking attacks.
   EV:        It affects your evasion (-5).
   rElec:     It insulates you from electricity.
   rN:        It protects you from negative energy.
   Will:      It increases your willpower.
 E - a +2 pair of gloves of strength (worn)
Jewellery
 u - the ring "Qitus" {Str+3 Int-4 SInv Stlth+}
   (You found it in the Dungeon)

   [ring of see invisible]

   Str:       It affects your strength (+3).
   Int:       It affects your intelligence (-4).
   SInv:      It lets you see invisible.
   Stlth:     It makes you more stealthy.
 x - a +6 ring of strength (left hand)
 y - a +6 ring of strength (right hand)
 D - the ring of Shadows {Umbra +Inv Stlth+}
   (You found it in the Dungeon)

   [ring of stealth]

   It surrounds you with an aura of shadow, increasing your stealth and reducing
   the accuracy of all others within it.
   +Inv:      It lets you turn invisible.
   Stlth:     It makes you more stealthy.
 F - the amulet "Piellios" (around neck) {Faith rPois SInv}
   (You found it in the Dungeon)

   [amulet of faith]

   It allows you to gain divine favour quickly.
   rPois:     It protects you from poison.
   SInv:      It lets you see invisible.
Wands
 z - a wand of mindburst (7)
 A - a wand of light (4)
Scrolls
 j - 4 scrolls of blinking
 o - 4 scrolls of amnesia
 p - 7 scrolls of butterflies
 q - 5 scrolls of identify
 r - 2 scrolls of fear
 s - 2 scrolls of brand weapon
Potions
 d - 6 potions of might
 e - 10 potions of curing
 f - 8 potions of heal wounds
 g - 10 potions of haste
 h - 7 potions of magic
 i - 3 potions of berserk rage
 k - 2 potions of brilliance
 l - 2 potions of invisibility
 m - 4 potions of resistance
 n - a potion of experience
Miscellaneous
 v - a tin of tremorstones (2/2)
 B - a lightning rod (4/4)
 G - a phantom mirror


   Skills:
 + Level 12.1 Fighting
 + Level 15.9 Axes
 + Level 12.5 Armour
 + Level 2.6 Stealth
 + Level 18.2 Shields
 + Level 0.8 Evocations


You had 10 spell levels left.
You didn't know any spells.
Your spell library was empty.

Dungeon Overview and Level Annotations

Branches:
Dungeon (1/1)

Altars:
Ashenzari
Cheibriados
Dithmenos
Elyvilon
Fedhas
Gozag
Hepliaklqana
Kikubaaqudgha
Makhleb
Nemelex Xobeh
Okawaru
Qazlal
Ru
Sif Muna
Trog
Uskayaw
Vehumet
Wu Jian
Xom
Yredelemnul
Zin
The Shining One
Jiyva
Lugonu

Annotations:
D 1 transporter


Innate Abilities, Weirdness & Mutations

You are completely covered in rugged brown scales. (AC +3, +7% HP)
Armour fits poorly on your strangely shaped body.
You have a long armoured tail.
You roll when moving toward enemies. (Rampage)
Your long tongue fully drains potion bottles. (2x potion effects)
Your tongue gives you trouble enunciating. (1.5x scroll delay)


Message History

Your ufetubus hits the acid blob.
Your ufetubus is burned by acid!
Your ufetubus dies!
Your ufetubus disappears in a puff of smoke!
Unknown command.
Unknown command.
Unknown command.
Unknown command.
You chop the acid blob into pieces!!!
Your hands burn!
* * * LOW HITPOINT WARNING * * *
The acid blob is heavily wounded.
You hit the rockslime but do no damage.
Visions of slaying the rockslime flood into your mind.
Your hellwing hits the rockslime but does no damage.
Your hellwing hits the rockslime!
Your red devil hits the great orb of eyes but does no damage.
Unknown command.
Unknown command.
You slash the acid blob!
Your hands burn!
* * * LOW HITPOINT WARNING * * *
You tail-slap the acid blob, but do no damage.
The acid blob is heavily wounded.
You hit the rockslime but do no damage. You open a gate to Pandemonium!
A demon appears!
Your ufetubus hits the acid blob.
Your ufetubus is burned by acid!
Your ufetubus hits the acid blob.
Your ufetubus is burned by acid!
You block the rockslime's attack.
GONNNNG!
The acid blob spits acid at you. The splash of acid hits you!!
* * * LOW HITPOINT WARNING * * *
The acid corrodes you!
The great orb of eyes bites your ufetubus.
Your ufetubus dies!
Your ufetubus disappears in a puff of smoke!
Unknown command.
You cannot move away from the rockslime!
You slash the acid blob!
Your hands burn!
You die...

▓.▓.....▓.▓ ▓....©....▓
▓▓▓▓▓▓▓▓▓▓▓▓▓▓▓▓▓▓▓▓▓▓▓
▓...8©8...▓...8©8...▓..
▓..})|))|.▓......)..▓..
▓..!|)||..▓..)(:)|..▓..
▓.........▓...).)...▓..
▓....§5.5.▓..)))(...▓..
▓...GJ@5..▓.........▓..
▓....J353.▓.........▓..
▓..▓443▓..▓.........▓.▓
▓.▓.....▓.▓.........▓..
▓....©....▓....©....▓▓▓
▓▓▓▓▓▓▓▓▓▓▓▓▓▓▓▓▓▓▓▓▓


You could see an acid blob, a great orb of eyes (skewered, ally target), a
rockslime (mesmerising, ally target), a friendly hellwing (summoned), 2 friendly
sixfirhies, a friendly ynoxinul (summoned, corroded), a friendly red devil
(summoned) and 4 friendly ufetubi.

Vanquished Creatures
  A stone giant (D)
  2 yaktaur captains (D)
  A great orb of eyes (D)
  4 vault guards (D)
  An ironbound frostheart (D)
  A wretched star (D)
  A spriggan druid (D)
  A cyclops (D)
  A vault sentinel (D)
  4 yaktaurs (D)
  2 tarantellas (D)
  A spriggan (D)
  A fire elemental (D)
  A hell hound (D)
  A black bear (D)
  6 centaurs (D)
  A necrophage (D)
  A scorpion (D)
  2 wights (D)
  3 quasits (D)
  2 jellies (D)
  An adder skeleton (D)
  A ball python skeleton (D)
  A jackal skeleton (D)
  A quokka skeleton (D)
42 creatures vanquished.

Vanquished Creatures (collateral kills)
  A glowing orange brain (D)
  A spriggan druid (D)
  A yaktaur (D)
  A slime creature (D)
  A jumping spider (D)
  A spriggan (D)
  A floating eye (D)
  A wolf (D)
  A phantom (D)
  3 centaurs (D)
  A necrophage (D)
  2 scorpions (D)
  A quasit (D)
  2 jellies (D)
  3 adders (D)
  An adder skeleton (D)
  A ball python (D)
  A bat skeleton (D)
  A bat zombie (D)
  A jackal skeleton (D)
  A jackal zombie (D)
  A quokka skeleton (D)
  A quokka zombie (D)
  A fire vortex (D)
30 creatures vanquished.

Grand Total: 72 creatures vanquished

Notes
Turn   | Place    | Note
-------+----------+-------------------------------------------
     0 | D        | mhtbhm the Armataur Fighter began the quest for the Orb.
     0 | D        | Reached XP level 1. HP: 19/19 MP: 1/1
     0 | D        | Found a shimmering blue altar of Sif Muna.
     0 | D        | Found a bloodstained altar of Trog.
     0 | D        | Found a sacrificial altar of Ru.
     0 | D        | Found a stormy altar of Qazlal.
     0 | D        | Found an iron altar of Okawaru.
     4 | D        | Found a sparkling altar of Nemelex Xobeh.
     4 | D        | Found the +6 Majin-Bo {vamp, MP+6 Int+6}
     4 | D        | Found the +9 heavy crossbow "Sniper" {vorpal, Acc+∞ SInv}
     4 | D        | Found the +10 dark maul {vorpal}
     4 | D        | Found the +15 Maxwell's patent armour {-Cast -Tele rElec
                  | Will+ rCorr}
     4 | D        | Found the +18 shield of the Gong {rElec rN+ Will+ EV-5}
     4 | D        | Found the +14 obsidian axe {vorpal, Mesm Drain Fly SInv}
     4 | D        | Found the +7 great mace "Firestarter" {inner flame, rF++}
     4 | D        | Found the +6 shillelagh "Devastator" {shatter}
     4 | D        | Found the +11 plutonium sword {Contam Stlth-}
     4 | D        | Found the +8 lance "Wyrmbane" {slay drac, rPois rF+ rC+
                  | AC+3}
     4 | D        | Found the +9 sword of Zonguldrok {reap}
     4 | D        | Found the +13 scythe of Curses {drain, Drain}
     4 | D        | Found the +5 sword of Power {vorpal}
     4 | D        | Found the +7 mace of Variability {chain chaos}
     4 | D        | Found the +7 Singing Sword {vorpal, sonic wave}
     4 | D        | Found the +8 storm bow {elec, penet}
     5 | D        | Found a blossoming altar of Fedhas.
     7 | D        | Found a transporter.
     7 | D        | Found an ancient bone altar of Kikubaaqudgha.
     7 | D        | Found a viscous altar of Jiyva.
     7 | D        | Found a corrupted altar of Lugonu.
     7 | D        | Found a hazy altar of Hepliaklqana.
     7 | D        | Found a burning altar of Makhleb.
     7 | D        | Found an opulent altar of Gozag.
    79 | D        | Became a worshipper of Trog the Wrathful
   113 | D        | Entered arena 2.
   113 | D        | Found the +10 morningstar "Eos" {elec, Halo rElec}
   113 | D        | Noticed a centaur
   113 | D        | Noticed a centaur
   113 | D        | Found a transporter.
   117 | D        | Killed a centaur
   118 | D        | Reached skill level 6 in Shields
   118 | D        | Reached XP level 2. HP: 26/29 MP: 2/2
   118 | D        | Reached XP level 3. HP: 33/36 MP: 3/3
   118 | D        | Reached XP level 4. HP: 39/43 MP: 4/4
   118 | D        | Killed a centaur
   119 | D        | Reached skill level 5 in Fighting
   119 | D        | Reached skill level 7 in Shields
   119 | D        | Reached XP level 5. HP: 47/51 MP: 5/5
   133 | D        | Entered arena 3.
   133 | D        | Noticed a hell hound
   133 | D        | Noticed a fire elemental
   133 | D        | Found a transporter.
   137 | D        | Killed a hell hound
   137 | D        | Reached * piety under Trog
   138 | D        | Reached skill level 8 in Shields
   138 | D        | Killed a fire elemental
   139 | D        | Reached skill level 5 in Axes
   139 | D        | Reached skill level 9 in Shields
   139 | D        | Reached XP level 6. HP: 47/62 MP: 6/6
   188 | D        | Entered arena 4.
   188 | D        | Found the ring of Shadows {Umbra +Inv Stlth+}
   188 | D        | Found a transporter.
   191 | D        | Reached ** piety under Trog
   192 | D        | Reached skill level 10 in Shields
   192 | D        | Reached XP level 7. HP: 65/70 MP: 7/7
   196 | D        | Reached skill level 11 in Shields
   218 | D        | Entered arena 5.
   218 | D        | Found a transporter.
   220 | D        | Reached *** piety under Trog
   232 | D        | Entered arena 6.
   232 | D        | Noticed a wretched star
   232 | D        | Found a transporter.
   236 | D        | Reached **** piety under Trog
   237 | D        | Reached skill level 10 in Armour
   241 | D        | Killed a wretched star
   242 | D        | Reached skill level 12 in Shields
   242 | D        | Reached XP level 8. HP: 43/80 MP: 6/6
   362 | D        | Entered arena 7.
   362 | D        | Noticed a jumping spider
   362 | D        | Noticed a tarantella
   362 | D        | Noticed a tarantella
   363 | D        | Found a transporter.
   368 | D        | Killed a tarantella
   368 | D        | Reached ***** piety under Trog
   368 | D        | Killed a tarantella
   369 | D        | Reached skill level 13 in Shields
   369 | D        | Killed a jumping spider
   370 | D        | Reached XP level 9. HP: 69/88 MP: 6/8
   424 | D        | Entered arena 8.
   424 | D        | Noticed a spriggan druid
   424 | D        | Noticed a spriggan druid
   425 | D        | Found a transporter.
   427 | D        | Killed a spriggan druid
   427 | D        | Identified the +6 broad axe of War {vorpal, rC- Dex+2 SInv}
                  | (Trog gifted it to you in the Dungeon)
   427 | D        | Received a gift from Trog
   428 | D        | Reached skill level 10 in Axes
   428 | D        | Reached skill level 14 in Shields
   429 | D        | Killed a spriggan druid
   474 | D        | Entered arena 9.
   475 | D        | Found a transporter.
   477 | D        | Received a gift from Trog
   480 | D        | Reached skill level 10 in Fighting
   493 | D        | Got the amulet "Piellios" {Faith rPois SInv}
   509 | D        | Entered arena 10.
   509 | D        | Noticed a vault guard
   509 | D        | Noticed a vault guard
   509 | D        | Noticed a yaktaur
   509 | D        | Noticed a vault guard
   509 | D        | Noticed an ironbound frostheart
   509 | D        | Noticed a vault sentinel
   509 | D        | Noticed a yaktaur
   509 | D        | Noticed a vault guard
   510 | D        | Found a transporter.
   514 | D        | Killed a vault guard
   515 | D        | Reached skill level 15 in Shields
   515 | D        | Reached XP level 10. HP: 99/99 MP: 10/10
   516 | D        | Killed an ironbound frostheart
   516 | D        | Received a gift from Trog
   517 | D        | Killed a vault guard
   517 | D        | Reached ****** piety under Trog
   518 | D        | Killed a vault guard
   519 | D        | Reached skill level 16 in Shields
   520 | D        | Killed a vault guard
   520 | D        | Received a gift from Trog
   523 | D        | Killed a vault sentinel
   540 | D        | Got the ring "Qitus" {Str+3 Int-4 SInv Stlth+}
   566 | D        | Entered arena 11.
   567 | D        | Found a transporter.
   568 | D        | Received a gift from Trog
   594 | D        | Entered arena 12.
   594 | D        | Noticed a cyclops
   595 | D        | Noticed a stone giant
   595 | D        | Identified the +12 glaive "Xionysa" {protect, Dex+3}
   595 | D        | Noticed a yaktaur captain
   595 | D        | Noticed a yaktaur captain
   596 | D        | Found a transporter.
   602 | D        | Reached XP level 11. HP: 109/109 MP: 11/11
   604 | D        | Killed a yaktaur captain
   604 | D        | Received a gift from Trog
   605 | D        | Reached skill level 17 in Shields
   605 | D        | Killed a stone giant
   606 | D        | Reached skill level 15 in Axes
   610 | D        | Killed a yaktaur captain
   611 | D        | Reached skill level 1 in Stealth
   729 | D        | Entered arena 13.
   729 | D        | Noticed a glowing orange brain
   729 | D        | Noticed a great orb of eyes
   729 | D        | Noticed an acid blob
   730 | D        | Noticed a rockslime
   730 | D        | Noticed a great orb of eyes
   730 | D        | Found a transporter.
   734 | D        | Reached skill level 18 in Shields
   736 | D        | Received a gift from Trog
   738 | D        | Killed a great orb of eyes
   738 | D        | Paralysed by a floating eye for 3 turns
   740 | D        | Killed a glowing orange brain
   741 | D        | Received a gift from Trog
   744 | D        | HP: 1/166 [acid blob/splash of acid (24)]
   745 | D        | Splashed by an acid blob's acid

Illustrated notes

Levels and vault maps discovered:
D:        sprint_v [room_start, room_1, room_2, room_3, room_4, room_5, room_6,
          room_7, room_8, room_9, room_10, room_11, room_12, room_13, room_14,
          room_15, room_16, room_17, room_18, room_19, room_20, room_21,
          room_22, room_23, room_24, room_25, room_26, room_27]

Skill      XL: |  1  2  3  4  5  6  7  8  9 10 11 |
---------------+----------------------------------+-----
Fighting       | 4 5 6 7 8 9 10 11 12 | 12.1
Axes           | 2 3 5 8 9 12 14 15 | 15.9
Armour         | 6 7 8 9 10 11 12 | 12.5
Shields        | 6 7 9 10 12 13 15 16 18 | 18.2
Stealth        | 2 |  2.6
Evocations     | |  0.8

Action                   |  1- 3 |  4- 6 |  7- 9 | 10-12 || total
-------------------------+-------+-------+-------+-------++-------
Melee: Broad axe         |     3 |     6 |    27 |    23 ||    59
       Tailslap          |       |       |     1 |     3 ||     4
Invok: Berserk           |       |       |     1 |     2 ||     3
Evoke: Wand              |       |       |       |     3 ||     3
  Use: Potion            |       |       |       |     2 ||     2
 Stab: Invisible         |       |       |       |     2 ||     2
       Distracted        |       |       |       |     1 ||     1
Armor: Gold dragon scale |     8 |     9 |    25 |    10 ||    52
Block: Kite shield       |    15 |    20 |    54 |    40 ||   129

Table legend: (Time is in decaauts)
 A = Elapsed time spent in this place.
 B = Non-inter-level travel time spent in this place.
 C = Inter-level travel time spent in this place.
 D = Time resting spent in this place.
 E = Time spent auto-exploring this place.
 F = Levels seen in this place.
 G = Mean time per level.
                   A        B        C        D        E       F      G
               +--------+--------+--------+--------+--------+-----+--------+
         Total |    770 |    770 |      0 |    347 |      0 |   1 |  770.0 |
       Dungeon |    770 |    770 |      0 |    347 |      0 |   1 |  770.0 |
               +--------+--------+--------+--------+--------+-----+--------+

Top non-repeatable levels by time:
       D: 770 daAuts
